 Dungeon Crawl Stone Soup version 0.30-a0-373-gd37427bb62 (webtiles) character file.

Game seed: 15220535758230126657

3990 vineage the Fighter (level 10, -2/114 (115) HPs)
             Began as an Ogre Fighter on Nov 24, 2022.
             Was an Elder of Okawaru.
             Slain by Joseph
             ... wielding a +0 quarterstaff
              (17 damage)
             ... on level 8 of the Dungeon.
             The game lasted 00:09:20 (6989 turns).

vineage the Fighter (Ogre Fighter)                  Turns: 6989, Time: 00:09:22

HP:   -2/114 (115)  AC:  7    Str: 26    XL:     10   Next: 22%
MP:   12/14         EV: 12    Int:  9    God:    Okawaru [****..]
Gold: 431           SH:  0    Dex:  8    Spells: 9/9 levels left

rFire   . . .      SeeInvis .    l - +0 giant spiked club
rCold   . . .      Faith    .    (shield currently unavailable)
rNeg    . . .      Spirit   .    d - +0 robe {Will+}
rPois   +          Reflect  .    (helmet restricted)
rElec   .          Harm     .    (no cloak)
rCorr   .          Rampage  .    (gloves unavailable)
Will    ++...                    (boots unavailable)
Stlth   ++........               m - amulet of regeneration
HPRegen 1.19/turn                o - ring of poison resistance
MPRegen 0.14/turn                g - +4 ring of protection

@: heroic, lightly drained
A: large, unfitting armour, tough skin 1
a: Renounce Religion, Heroism, Finesse


You were on level 8 of the Dungeon.
You worshipped Okawaru.
Okawaru was greatly pleased with you.
You visited 1 branch of the dungeon, and saw 8 of its levels.

You collected 431 gold pieces.

Inventory:

Hand Weapons
 a - a +1 vampiric flail
 l - a +0 giant spiked club (weapon)
Armour
 b - a +1 robe
 c - a +0 kite shield
 d - a +0 robe of willpower (worn)
Jewellery
 g - a +4 ring of protection (right hand)
 m - an amulet of regeneration (around neck)
 o - a ring of poison resistance (left hand)
 p - a +6 ring of intelligence
 r - an amulet of guardian spirit
 y - a ring of protection from fire
Wands
 x - a wand of quicksilver (9)
Scrolls
 h - 2 scrolls of amnesia
 i - 2 scrolls of magic mapping
 j - 2 scrolls of butterflies
 t - a scroll of enchant weapon
 v - a scroll of identify
 w - 2 scrolls of teleportation
 z - a scroll of immolation {unknown}
Potions
 e - a potion of cancellation
 f - 3 potions of curing
 k - a potion of brilliance
 n - 2 potions of haste
 q - 2 potions of heal wounds
 s - 2 potions of invisibility
 u - a potion of might


   Skills:
 * Level 11.9(16.9) Fighting
 * Level 8.0(13.0) Maces & Flails
 + Level 6.1(11.1) Dodging
 - Level 3.0(8.0) Shields
 + Level 5.3 Invocations


You had 9 spell levels left.
You didn't know any spells.
Your spell library contained the following spells:

 Spells                   Type           Power      Damage    Failure   Level
 Apportation              Tloc           0%         N/A       38%         1
 Necrotise                Necr           0%         1d4       38%         1
 Ensorcelled Hibernation  Hex/Ice        0%         N/A       52%         2
 Inner Flame              Hex/Fire       0%         N/A       77%         3
 Portal Projectile        Hex/Tloc       0%         N/A       77%         3
 Spider Form              Tmut/Pois      0%         N/A       77%         3
 Anguish                  Hex/Necr       0%         N/A       99%         4
 Cause Fear               Hex            0%         N/A       99%         4
 Leda's Liquefaction      Hex/Erth       0%         N/A       99%         4
 Discord                  Hex            0%         N/A       100%        8
 Summon Small Mammal      Summ           Unusable   N/A       N/A         1
 Call Canine Familiar     Summ           Unusable   N/A       N/A         3
 Summon Guardian Golem    Hex/Summ       Unusable   N/A       N/A         3

Dungeon Overview and Level Annotations

Branches:
Dungeon (8/15)             Temple (0/1) D:6
   Lair: D:8-11

Altars:
Cheibriados
Dithmenos
Hepliaklqana
Makhleb
Nemelex Xobeh
Okawaru
Qazlal
Ru
Uskayaw
Yredelemnul
The Shining One

Shops:
D:2 !

Annotations:
D:8 Joseph


Innate Abilities, Weirdness & Mutations

You are too large for most types of armour.
You have tough skin. (AC +1)


Message History

Joseph hits you with a +0 quarterstaff.
The orc priest invokes the aid of Beogh against you.
Beogh smites you! Joseph barely misses you.
You closely miss Joseph. Joseph hits you with a +0 quarterstaff!
You impale Joseph!!
Joseph is moderately wounded.
Joseph hits you with a +0 quarterstaff! Joseph hits you with a +0 quarterstaff.
You are too injured to fight recklessly!
You are too injured to fight recklessly!
You are too injured to fight recklessly!
You are too injured to fight recklessly!
You are too injured to fight recklessly!
You are too injured to fight recklessly!
You are too injured to fight recklessly!
You are too injured to fight recklessly!
You are too injured to fight recklessly!
You are too injured to fight recklessly!
You are too injured to fight recklessly!
You are too injured to fight recklessly!
Okay, then.
You gain the combat prowess of a mighty hero.
Joseph hits you with a +0 quarterstaff.
You hit Joseph but do no damage.
Joseph is moderately wounded.
The orc priest calls down the wrath of Beogh upon you.
Beogh smites you!
* * * LOW HITPOINT WARNING * * *
Joseph hits you with a +0 quarterstaff.
* * * LOW HITPOINT WARNING * * *
You hit Joseph.
Joseph is moderately wounded.
The orc priest casts a cantrip, but nothing happens.
Joseph closely misses you.
You barely miss Joseph.
Joseph is moderately wounded.
The orc priest mumbles some strange prayers to Beogh against you.
Beogh smites you!
* * * LOW HITPOINT WARNING * * *
Joseph hits you with a +0 quarterstaff!
You die...

............#.# ### ##
.8.....8.._)..# ...#
.[..........#.# ####...####
..8...8..y#.#.# #......#...
....8....y..#.#
#######....###.##
.........####.###..)†...#####..#
#####.)o##..#..#..#####.##....##
###)o........#####.....####
.....##...@...########
..?...<..###@#..# .......###
......# ......... ..o##..
........#.# ....# # .........#..
###..# #.o. ##.


You could see Joseph, an orc priest and an orc (wandering).

Vanquished Creatures
  Prince Ribbit (D:5)
  Grinder (D:4)
  Sigmund (D:5)
  Eustachio (D:4)
  A water moccasin (D:5)
  An ice beast (D:7)
  2 black bears
  Pargi (D:4)
  3 ogres
  3 phantoms (D:5)
  A kobold brigand (D:8)
  2 necrophages
  A scorpion (D:5)
  17 wights
  11 killer bees
  A howler monkey (D:7)
  A jelly (D:7)
  5 hounds
  4 orc priests
  An iron imp (D:6)
  An iguana (D:7)
  8 orc wizards
  3 adders
  3 gnolls (D:4)
  A white imp (D:7)
  2 worms
  3 dart slugs (D:1)
  12 orcs
  7 bats
  15 endoplasms
  3 giant cockroaches
  9 goblins
  3 hobgoblins
  10 jackals (D:3)
  10 kobolds
  2 quokkas
  A ball python (D:3)
  2 frilled lizards
  8 rats
  A spectral orc (D:4)
163 creatures vanquished.

Vanquished Creatures (others)
  A plant (D:6)
1 creature vanquished.

Grand Total: 164 creatures vanquished

Notes
Turn   | Place    | Note
-------+----------+-------------------------------------------
     0 | D:1      | vineage the Ogre Fighter began the quest for the Orb.
     0 | D:1      | Reached XP level 1. HP: 24/24 MP: 1/1
   184 | D:1      | Reached XP level 2. HP: 33/33 MP: 2/2
   371 | D:1      | Reached XP level 3. HP: 38/41 MP: 3/3
   619 | D:1      | Reached skill level 5 in Fighting
   867 | D:2      | Found Xeninom's Distillery.
  1535 | D:3      | Reached XP level 4. HP: 50/50 MP: 4/4
  1892 | D:4      | Found a basalt altar of Yredelemnul.
  1972 | D:4      | Found a sacrificial altar of Ru.
  1973 | D:4      | Noticed Pargi
  1979 | D:4      | Reached XP level 5. HP: 59/59 MP: 5/5
  2006 | D:4      | Killed Pargi
  2007 | D:4      | Reached skill level 6 in Fighting
  2022 | D:4      | Reached XP level 6. HP: 68/68 MP: 6/6
  2103 | D:4      | Found an iron altar of Okawaru.
  2116 | D:4      | Became a worshipper of Warmaster Okawaru
  2435 | D:4      | Noticed Grinder
  2435 | D:4      | Paralysed by Grinder for 4 turns
  2444 | D:4      | Paralysed by Grinder for 2 turns
  2451 | D:4      | Killed Grinder
  2451 | D:4      | Reached * piety under Okawaru
  2452 | D:4      | Reached skill level 7 in Fighting
  2452 | D:4      | Reached XP level 7. HP: 43/78 MP: 7/7
  2538 | D:4      | Found a sparkling altar of Nemelex Xobeh.
  2564 | D:4      | Noticed Eustachio
  2635 | D:4      | Killed Eustachio
  2636 | D:4      | Reached skill level 1 in Invocations
  2821 | D:4      | Reached skill level 8 in Fighting
  2965 | D:5      | Entered Level 5 of the Dungeon
  3005 | D:5      | Reached skill level 5 in Maces & Flails
  3020 | D:5      | Reached XP level 8. HP: 86/89 MP: 9/9
  3060 | D:5      | Noticed Sigmund
  3073 | D:5      | Killed Sigmund
  3073 | D:5      | Reached ** piety under Okawaru
  3427 | D:5      | Reached skill level 9 in Fighting
  3541 | D:5      | Noticed Prince Ribbit
  3576 | D:5      | Killed Prince Ribbit
  3577 | D:5      | Reached skill level 5 in Dodging
  3625 | D:5      | Reached XP level 9. HP: 101/101 MP: 11/11
  3821 | D:6      | Found a staircase to the Ecumenical Temple.
  4045 | D:6      | Reached skill level 10 in Fighting
  4049 | D:6      | Reached *** piety under Okawaru
  4070 | D:6      | Found a hazy altar of Hepliaklqana.
  4447 | D:6      | Found a snail-covered altar of Cheibriados.
  4605 | D:7      | Found a shadowy altar of Dithmenos.
  5057 | D:7      | Found a stormy altar of Qazlal.
  5218 | D:7      | Found a glowing golden altar of the Shining One.
  5218 | D:7      | Found a burning altar of Makhleb.
  5422 | D:7      | Reached skill level 11 in Fighting
  5448 | D:7      | Reached **** piety under Okawaru
  5594 | D:8      | Reached XP level 10. HP: 105/111 MP: 13/13
  5600 | D:8      | Reached skill level 5 in Invocations
  6621 | D:8      | Found a hide-covered altar of Uskayaw.
  6940 | D:8      | Noticed Joseph
  6989 | D:8      | Slain by Joseph

Illustrated notes

Levels and vault maps discovered:
D:1:      minmay_arrival_radiant_lines, layout_loops_ring, minmay_vboxes
D:2:      layout_loops_ring, serial_shops, shop_fountains
D:3:      layout_rooms, minivault_23
D:4:      layout_loops_corners, yredelemnul_forgotten_temple_becter,
          nemelex_dance_club_becter, okawaru_gym_becter,
          nicolae_ru_great_annihilating_truth, uniq_eustachio, uniq_grinder,
          uniq_pargi
D:5:      layout_loops_cross, minivault_24, chequers_decorated_corner,
          corexii_item_surrounded_by_moat, uniq_prince_ribbit1, uniq_sigmund
D:6:      layout_gridville, chei_slow_surprise,
          nicolae_hepliaklqana_hazy_memory, minmay_temple_entry_overgrown
D:7:      layout_basic, lemuel_round_altar, nicolae_qazlal_eye_of_the_storm,
          jmf_multi_god_temple
D:8:      layout_rooms, nicolae_uskayaw_dance_hall, nicolae_underground_beach,
          uniq_amaemon, uniq_joseph

Skill      XL: |  1  2  3  4  5  6  7  8  9 10 |
---------------+-------------------------------+-----
Maces & Flails | 2 3 4 5 6 7 8 |  8.0
Dodging        | 3 4 5 6 |  6.1
Fighting       | 5 6 7 8 9 11 | 11.9
Invocations    | 1 3 4 5 |  5.3
Shields        | |  3.0

Action                   |  1- 3 |  4- 6 |  7- 9 | 10-12 || total
-------------------------+-------+-------+-------+-------++-------
Melee: Flail             |   118 |   144 |   131 |       ||   393
       Giant spiked club |       |       |   167 |    96 ||   263
Invok: Heroism           |       |       |       |     1 ||     1
  Use: Scroll            |     8 |     4 |     6 |     1 ||    19
       Potion            |       |     1 |     1 |     4 ||     6
 Stab: Sleeping          |     1 |       |       |       ||     1
       Invisible         |       |     1 |       |       ||     1
       Paralysed         |       |     1 |       |       ||     1
Armor: Robe              |    53 |   120 |   157 |    72 ||   402
Dodge: Dodged            |    46 |   102 |   186 |   164 ||   498
Block: Kite shield       |    61 |    70 |    44 |       ||   175

Table legend: (Time is in decaauts)
 A = Elapsed time spent in this place.
 B = Non-inter-level travel time spent in this place.
 C = Inter-level travel time spent in this place.
 D = Time resting spent in this place.
 E = Time spent auto-exploring this place.
 F = Levels seen in this place.
 G = Mean time per level.
                   A        B        C        D        E       F      G
               +--------+--------+--------+--------+--------+-----+--------+
         Total |   7257 |   6967 |    290 |   1004 |   4401 |   8 |  907.1 |
       Dungeon |   7257 |   6967 |    290 |   1004 |   4401 |   8 |  907.1 |
               +--------+--------+--------+--------+--------+-----+--------+

Top non-repeatable levels by time:
     D:7: 1853 daAuts
     D:4: 1241 daAuts
     D:1: 903 daAuts
     D:6: 808 daAuts
     D:5: 787 daAuts
     D:8: 634 daAuts
     D:2: 624 daAuts
     D:3: 405 daAuts
